 Dungeon Crawl Stone Soup version 0.30.1-4-g462c640d31 (webtiles) character file.

Game seed: 6224099411356405729

662 Kranky the Trooper (level 7, 0/57 HPs)
             Began as a Formicid Wanderer on Sept 8, 2023.
             Slain by Duvessa
             ... wielding a +0 short sword of venom
              (5 damage)
             ... on level 4 of the Dungeon.
             The game lasted 00:05:59 (3458 turns).

Kranky the Trooper (Formicid Wanderer)              Turns: 3458, Time: 00:06:00

Health: 0/57       AC: 15    Str: 19    XL:     7   Next: 87%
Magic:  7/7        EV:  9    Int:  9    God:
Gold:   155        SH:  0    Dex: 15    Spells: 6/6 levels left

rFire   . . .        C - +2 dire flail (heavy)
rCold   . . .        (no shield)
rNeg    . . .        i - +0 chain mail
rPois   .            (helmet unavailable)
rElec   .            m - +0 cloak
rCorr   .            l - +0 pair of gloves
SInv    +            k - +2 pair of boots
Will    .....        (no amulet) Stlth
                     (no ring)
HPRegen 0.29/turn    (no ring)
MPRegen 0.10/turn

%: no passive effects
@: lethally poisoned (0 -> -2)
A: permanent stasis, dig shafts and tunnels, antennae 3, four strong arms
a: Dig, Shaft Self


You were on level 4 of the Dungeon.
You visited 1 branch of the dungeon, and saw 4 of its levels.

You collected 155 gold pieces.

Inventory:

Hand Weapons
 a - a +3 short sword
 b - a +0 hand axe
 e - a +2 short sword of venom
 y - a +0 scythe
 C - a +2 heavy dire flail (weapon)
Armour
 d - a +0 leather armour
 i - a +0 chain mail (worn)
 k - a +2 pair of boots (worn)
 l - a +0 pair of gloves (worn)
 m - a +0 cloak (worn)
 A - a +0 leather armour of fire resistance
Jewellery
 B - a ring of fire
Wands
 q - a wand of flame (10)
Scrolls
 f - 3 scrolls of identify {unknown}
 g - a scroll of fog {unknown}
 p - 2 scrolls of noise {unknown}
 r - a scroll of blinking {unknown}
 s - 2 scrolls of immolation {unknown}
 t - a scroll of teleportation {unknown}
 v - 2 scrolls of brand weapon {unknown}
 w - a scroll of poison {unknown}
Potions
 c - 3 potions of heal wounds
 h - a potion of brilliance {unknown}
 j - 5 potions of degeneration {unknown}
 n - 2 potions of ambrosia {unknown}
 o - 2 potions of haste {unknown}
 u - 2 potions of attraction {unknown}
 x - a potion of mutation {unknown}
 z - a potion of flight {unknown}


   Skills:
 + Level 5.9 Fighting
 - Level 4.0 Short Blades
 - Level 2.0(2.3) Axes
 + Level 1.6(2.1) Polearms
 + Level 4.8 Armour
 + Level 3.8 Dodging


You had 6 spell levels left.
You didn't know any spells.
Your spell library contained the following spells:

 Spells                   Type           Power      Damage    Failure   Level
 Cigotuvi's Dreadful Rot  Necr/Pois/Air  0%         N/A       99%         2
 Dispel Undead            Necr           0%         3d6       100%        4
 Death Channel            Necr           0%         N/A       100%        6


Dungeon Overview and Level Annotations

Branches:
Dungeon (4/15)
 Temple: D:4-7

Altars:
Cheibriados
Ru
Xom

Annotations:
D:4 Dowan, Duvessa, Natasha


Innate Abilities, Weirdness & Mutations

You cannot be hasted, slowed, berserked, paralysed or teleported.
You can dig through walls and to a lower floor.
You have a pair of large antennae on your head. (SInv)
Your four strong arms can wield two-handed weapons with a shield.


Message History

Level annotation: Dowan, Duvessa, Natasha
There is a stone staircase leading up here.
Duvessa shouts!
There are monsters nearby!
Dowan gestures at you while chanting. The puff of flame hits you.
Natasha hisses angrily.
Natasha casts a spell at you. The magic dart hits you.
Dowan gestures wildly while chanting.
Dowan blinks!
Duvessa hits you but does no damage.
You are poisoned.
You barely miss Duvessa.
You feel very sick.
Duvessa hits you with a +0 short sword of venom.
You are more poisoned.
You barely miss Duvessa.
You feel extremely sick.
Duvessa says, "When magic and the sword combine, nothing stands against them."
Duvessa barely misses you. The goblin barely misses you.
Duvessa gestures with her weapon.
The goblin completely misses you.
You puncture Duvessa!
Duvessa is moderately wounded.
You feel very sick. Natasha claws you. Duvessa barely misses you.
The goblin barely misses you. Natasha claws you but does no damage.
Duvessa hits you but does no damage.
You feel sick.
You feel sick.
Natasha stares at you and mumbles some strange words.
The magic dart hits you!
* * * LOW HITPOINT WARNING * * *
You feel sick. Natasha casts a spell at you. The magic dart hits you!
* * * LOW HITPOINT WARNING * * *
You feel sick.
Duvessa hits you with a +0 short sword of venom.
You die...

#.........## ##...#
#..........# #...##
#..........######.#.#
#...................###
#.<...).............>..
#..................#.##
#.................##...
##..................##.
##...@g...............
#####e...........#...
#...h....##.....#.
#.................
#....e..#####....#
#.............##.#
#........<†<..##..
#####.............
#..#.......#...


You could see Duvessa, Dowan, Natasha and a goblin.

Vanquished Creatures
  Sigmund (D:3)
  Edmund (D:3)
  Pargi (D:3)
  A scorpion (D:3)
  A hound (D:4)
  Robin (D:2)
  6 gnolls (D:2)
  3 adders
  An ufetubus (D:4)
  3 worms
  A dart slug (D:2)
  8 orcs
  2 bats
  5 endoplasms
  3 giant cockroaches
  17 goblins
  11 hobgoblins
  2 jackals (D:2)
  4 kobolds
  2 quokkas
  4 ball pythons
  3 frilled lizards
  4 rats
85 creatures vanquished.

Notes
Turn   | Place    | Note
-------+----------+-------------------------------------------
     0 | D:1      | Kranky the Formicid Wanderer began the quest for the Orb.
     0 | D:1      | Kranky set off with the following items: a +3 short sword,
                  | a +0 hand axe, a potion of heal wounds, a +0 leather
                  | armour.
     0 | D:1      | Reached XP level 1. HP: 18/18 MP: 1/1
   123 | D:1      | Reached XP level 2. HP: 24/24 MP: 2/2
   363 | D:1      | Reached skill level 1 in Dodging
   428 | D:1      | Reached XP level 3. HP: 30/30 MP: 3/3
   713 | D:1      | Found a shimmering altar of Xom.
  1014 | D:2      | Reached skill level 4 in Fighting
  1014 | D:2      | Reached XP level 4. HP: 24/37 MP: 4/4
  1236 | D:2      | Reached XP level 5. HP: 42/42 MP: 5/5
  1400 | D:2      | Noticed Robin
  1448 | D:2      | Killed Robin
  1593 | D:2      | Found a sacrificial altar of Ru.
  1984 | D:3      | Noticed Sigmund
  2001 | D:3      | Killed Sigmund
  2002 | D:3      | Reached skill level 5 in Fighting
  2002 | D:3      | Reached XP level 6. HP: 31/51 MP: 6/6
  2039 | D:3      | Reached XP level 7. HP: 33/56 MP: 7/7
  2421 | D:3      | Found a faded altar of an unknown god.
  2459 | D:3      | Found a snail-covered altar of Cheibriados.
  2991 | D:4      | Noticed Edmund
  2991 | D:4      | Noticed Pargi
  2995 | D:4      | Noticed Dowan
  2997 | D:4      | Noticed Natasha
  3000 | D:4      | Noticed Duvessa
  3033 | D:3      | Killed Pargi
  3034 | D:3      | Reached skill level 1 in Polearms
  3199 | D:3      | Killed Edmund
  3458 | D:4      | Slain by Duvessa

Illustrated notes

Levels and vault maps discovered:
D:1:      dpeg_arrival_lava_altar, layout_loops_ring
D:2:      layout_basic, basic_altar, grunt_decor_fettered,
          roderic_st_hans_cross, uniq_robin
D:3:      layout_basic, cheibrodos_worm_habitat, basic_ecumenical_altar,
          kennysheep_cross_bottleneck, uniq_sigmund
D:4:      layout_rooms, uniq_edmund, uniq_pargi, uniq_duvessa, uniq_natasha

Skill      XL: |  1  2  3  4  5  6  7 |
---------------+----------------------+-----
Dodging        | 1 2 3 |  3.8
Armour         | 2 4 |  4.8
Fighting       | 4 5 |  5.9
Polearms       | 1 |  1.6
Short Blades   | |  4.0
Axes           | |  2.0

Action                     |  1- 3 |  4- 6 |  7- 9 || total
---------------------------+-------+-------+-------++-------
  Melee: Short sword       |    93 |   105 |    84 ||   282
         Punch             |       |     1 |     3 ||     4
         Dire flail        |       |       |     4 ||     4
 Armour: Leather armour    |     4 |       |       ||     4
         Chain mail        |    31 |    60 |    64 ||   155
  Dodge: Dodged            |    29 |    24 |    53 ||   106
